AoeStats
← AiM | Facu1414

Arabia

504935472Analyzed
4v4 RM · 25d ago on Sep 7, 2026· 33m 37s· 8 players
Game mode
Random Map
Map size
Large (8 player)
Population
200
Speed
Normal
Resources
Standard
Victory
Conquest
Starting age
Dark Age
Ending age
Imperial Age
RankedLock teamsTeams togetherTeam positionsShared explorationLock speedFull tech treeHidden civsTurbo modeCheats
Victory
Defeat
🇨🇱 Vietnamese · Chile
1921
+3
🇨🇱 Shu · Chile
1850
+4
🇨🇱 Khmer · Chile
1843
+4
🇨🇱 Franks · Chile
1668
+9
🇦🇷 Magyars · Argentina
1559
-6
🇦🇷 Persians · Argentina
1517
-5
🇲🇽 Ethiopians · Mexico
1509
-5
🇦🇷 Maya · Argentina
1494
-4
HR nomadplayer
5:46 Loom
8:49 Feudal Age
9:35 Double-Bit Axe
11:55 Fletching
21:24 Castle Age
19:50 Gold Mining
20:02 Padded Archer Armor
21:27 Crossbowman
22:02 Bodkin Arrow
26:13 Ballistics
25:41 Town Watch
36:42 Imperial Age
HR itu
5:03 Loom
11:14 Feudal Age
14:23 Castle Age
12:42 Double-Bit Axe
12:55 Horse Collar
15:31 Husbandry
17:54 Scale Barding Armor
20:43 Chain Barding Armor
21:38 Bloodlines
22:38 Wheelbarrow
23:47 Gold Mining
24:57 Forging
26:35 Iron Casting
35:35 Imperial Age
32:59 Light Cavalry
HR Pinkman
6:42 Loom
8:52 Feudal Age
12:09 Fletching
22:14 Castle Age
21:12 Padded Archer Armor
22:51 Crossbowman
23:26 Bodkin Arrow
28:52 Double-Bit Axe
31:17 Wheelbarrow
31:02 Horse Collar
HR pikoLein
5:36 Loom
8:22 Feudal Age
12:16 Double-Bit Axe
14:03 Scale Barding Armor
16:49 Forging
22:01 Castle Age
21:25 Gold Mining
23:42 Bow Saw
23:54 Husbandry
29:22 Wheelbarrow
30:43 Chain Barding Armor
31:01 Hand Cart
AiM | Facu1414
6:38 Loom
8:55 Feudal Age
9:42 Double-Bit Axe
12:56 Forging
14:14 Horse Collar
16:26 Scale Barding Armor
19:30 Bloodlines
AIM | Agua cate 98
0:29 Loom
11:38 Feudal Age
13:31 Double-Bit Axe
AiM | Fubuki Sinri
6:30 Loom
8:53 Feudal Age
11:52 Fletching
17:54 Double-Bit Axe
18:39 Padded Archer Armor
20:56 Wheelbarrow
20:06 Horse Collar
25:47 Castle Age
24:49 Gold Mining
25:47 Crossbowman
26:25 Bodkin Arrow
27:33 Ballistics
27:32 Leather Archer Armor
DS_Kawakaze
5:44 Loom
8:23 Feudal Age
9:18 Double-Bit Axe
9:25 Horse Collar
15:18 Bloodlines
15:27 Scale Barding Armor
20:53 Wheelbarrow
24:54 Castle Age
24:11 Gold Mining
25:46 Husbandry
26:19 Bow Saw
27:36 Chain Barding Armor
Connection lost

Rejoining the realm…

Still unreachable

The connection could not be restored.

Session expired

The server has moved on; the page needs a fresh start.